AoeStats
← Tullus

Black Forest

508501098Analyzed
2v2 RM · 9d ago on Sep 22, 2026· 20m 51s· 4 players
Game mode
Random Map
Map size
Medium (4 player)
Population
200
Speed
Normal
Resources
Standard
Victory
Conquest
Starting age
Dark Age
Ending age
Imperial Age
RankedLock teamsTeams togetherTeam positionsShared explorationLock speedFull tech treeHidden civsTurbo modeCheats
Victory
Defeat
🇩🇪 Cumans · Germany
937
+15
🇩🇪 Bulgarians · Germany
919
+15
🇬🇧 Lithuanians · United Kingdom
921
-15
🇬🇧 Britons · United Kingdom
896
-15
lazer109
1:05 Loom
13:20 Feudal Age
18:51 Castle Age
18:32 Double-Bit Axe
18:34 Horse Collar
Tullus
0:55 Loom
14:13 Feudal Age
Big_Joe
0:27 Loom
11:10 Feudal Age
11:55 Double-Bit Axe
14:33 Scale Mail Armor
15:11 Forging
16:52 Arson
bjoern4tel
10:56 Feudal Age
14:51 Double-Bit Axe
Connection lost

Rejoining the realm…

Still unreachable

The connection could not be restored.

Session expired

The server has moved on; the page needs a fresh start.